 Dungeon Crawl Stone Soup version 0.31-a0-232-gb1c03b2570 (webtiles) character file.

Game seed: 14434816016874609891

37 qw the Shooter (level 3, -2/21 HPs)
             Began as a Gargoyle Hexslinger on July 6, 2023.
             Slain by Sigmund
             ... wielding a +0 scythe
              (5 damage)
             ... on level 2 of the Dungeon.
             The game lasted 00:00:24 (777 turns).

qw the Shooter (Gargoyle Hexslinger)                 Turns: 777, Time: 00:00:25

Health: -2/21      AC:  9    Str: 11    XL:     3   Next: 39%
Magic:  4/4        EV: 10    Int: 13    God:
Gold:   61         SH:  0    Dex: 14    Spells: 3/4 levels left

rFire   . . .        Y - +1 sling
rCold   . . .        (no shield)
rNeg    + . .        h - +0 ring mail
rPois   inf          (no helmet)
rElec   +            c - +0 cloak
rCorr   .            (no gloves)
SInv    .            (no boots)
Will    .....        (no amulet)
Stlth   +            (no ring)
HPRegen 0.23/turn    (no ring)
MPRegen 0.09/turn

%: no passive effects
@: no status effects
A: sickness immunity, AC +3, negative energy resistance 1, electricity
resistance, torment resistance 1, petrification resistance
a: no special abilities


You were on level 2 of the Dungeon.
You visited 1 branch of the dungeon, and saw 2 of its levels.

You collected 61 gold pieces.


Innate Abilities, Weirdness & Mutations

You are immune to sickness and miasma.
Your stone body is resilient. (AC +3)
You are immune to poison.
You resist negative energy. (rN+)
You are resistant to electric shocks. (rElec)
You are resistant to unholy torment.
You are immune to petrification.


   Skills:
 - Level 2.0 Fighting
 + Level 3.1 Ranged Weapons
 - Level 1.0 Armour
 - Level 1.5 Dodging
 - Level 1.0 Spellcasting
 - Level 2.6 Hexes


You had 3 spell levels left.
You knew the following spells:

 Your Spells              Type           Power      Damage    Failure   Level
a - Slow                  Hex            28%        N/A       22%         1

Your spell library contained the following spells:

 Spells                   Type           Power      Damage    Failure   Level
 Inner Flame              Hex/Fire       4%         N/A       75%         3
 Portal Projectile        Hex/Tloc       8%         N/A       75%         3
 Cause Fear               Hex            3%         N/A       91%         4

Inventory:

Hand Weapons
 Y - a +1 sling (weapon)
Armour
 c - a +0 cloak (worn)
 h - a +0 ring mail (worn)
Scrolls
 a - 4 scrolls of identify
 d - a scroll of silence {unknown}
 f - 2 scrolls of teleportation
Potions
 b - 2 potions of ambrosia {unknown}
 e - a potion of curing {unknown}
 j - a potion of attraction {unknown}

Dungeon Overview and Level Annotations

Branches:
Dungeon (2/15)

Altars:

Annotations:
D:2 Sigmund


Message History

Found a stone staircase leading down.
Enter note:
Enter note:
d - a scroll labelled EDUTAI FEDOFI You see here a +0 spear.
You open the door.
Found a spear.
Enter note:
Enter note:
There is an open door here.
A kobold comes into view. It is wielding a +0 dagger.
The kobold shouts!
Enter note:
Enter note: You shoot a sling bullet.
The sling bullet hits the kobold.
You kill the kobold!
Found a whip.
You see here a +0 dagger.
Enter note:
Enter note: Sigmund the Dreaded comes into view.
He is wielding a +0 scythe.
Sigmund shouts!
Sigmund drinks a potion.
Sigmund suddenly seems more resistant.
Enter note:
Enter note: You shoot a sling bullet.
The sling bullet hits Sigmund.
Sigmund is lightly wounded.
Sigmund gestures at you while chanting.
You are confused.
Sigmund closely misses you.
Sigmund hits you from afar with a +0 scythe.
Sigmund hits you from afar with a +0 scythe!
Enter note:
Enter note: A worm comes into view.
Sigmund says, "Look into my eyes."
Sigmund hits you from afar with a +0 scythe.
You feel less confused.
Sigmund hits you from afar with a +0 scythe.
You die...

### #######.#
.w...@..# #@# #.#
#.### #...###
#.....##########
#.....+........#
#.....##.......#
#.....##.......#
####.....##....)..#


You could see Sigmund (resistant) and a worm.

Vanquished Creatures
  A dart slug (D:1)
  2 ball pythons (D:1)
  5 endoplasms
  6 giant cockroaches
  2 hobgoblins (D:1)
  2 quokkas
  6 bats (D:1)
  2 frilled lizards
  2 goblins (D:1)
  A kobold (D:2)
  3 rats
32 creatures vanquished.

Notes
Turn   | Place    | Note
-------+----------+-------------------------------------------
     0 | D:1      | qw the Gargoyle Hexslinger began the quest for the Orb.
     0 | D:1      | Reached XP level 1. HP: 12/12 MP: 2/2
     0 | D:1      | 0 ||| qw: Version: 0.3-a-46-gb1f654a
     0 | D:1      | 0 ||| qw: Game counter: 1964
     0 | D:1      | 0 ||| qw: Melee chars always use a shield: true
     0 | D:1      | 0 ||| qw: God list: Okawaru
     0 | D:1      | 0 ||| qw: Allow faded altars: false
     0 | D:1      | 0 ||| qw: Do Orc after clearing Dungeon:15 true
     0 | D:1      | 0 ||| qw: Do second Lair branch before Depths: true
     0 | D:1      | 0 ||| qw: Lair rune preference: random
     0 | D:1      | 0 ||| qw: Goals: Normal
     0 | D:1      | 0 ||| PLANNING D:1-11
    79 | D:1      | Reached XP level 2. HP: 13/16 MP: 3/3
   189 | D:1      | Reached skill level 3 in Ranged Weapons
   296 | D:1      | Reached XP level 3. HP: 21/21 MP: 4/4
   338 | D:1      | 338 ||| UPGRADING to +0 leather armour.
   364 | D:1      | 364 ||| DROPPING +0 robe.
   365 | D:1      | 365 ||| UPGRADING to +0 ring mail.
   375 | D:1      | 375 ||| DROPPING +0 leather armour.
   393 | D:1      | 393 ||| UPGRADING to +0 cloak.
   555 | D:1      | 555 ||| READING 2 scrolls labelled LUAHEU KIGAFF.
   556 | D:1      | 556 ||| READING 3 scrolls labelled FAULECHENYA.
   561 | D:1      | 561 ||| READING scroll labelled RIFFAY YKYUDA.
   562 | D:1      | 562 ||| DROPPING scroll of poison.
   707 | D:2      | Reached skill level 1 in Armour
   769 | D:2      | Noticed Sigmund
   776 | D:2      | HP: 3/21 [Sigmund/+0 scythe (5)]
   777 | D:2      | Slain by Sigmund

Levels and vault maps discovered:
D:1:      lemuel_arrival_muddy, layout_rooms, hangedman_glass_teeth
D:2:      layout_basic, uniq_sigmund

Skill      XL: |  1  2  3 |
---------------+----------+-----
Ranged Weapons | 3 |  3.1
Fighting       | 2 |  2.0
Armour         | 1 |  1.0
Dodging        | |  1.5
Spellcasting   | |  1.0
Hexes          | |  2.6

Action                     || total
---------------------------++-------
   Fire: Sling             ||    91
    Use: Scroll            ||     3
 Armour: Robe              ||    13
         Ring mail         ||     2
         Skin              ||     1
  Dodge: Dodged            ||    32

Table legend:
 A = Non-vault XP
 B = Vault XP
 C = Vault XP percentage of total XP
 D = Non-vault monster count
 E = Vault monster count
 F = Vault count percentage of total count
                 A         B        C        D         E       F
            +---------+---------+-------+---------+---------+-------
      Total |      53 |       0 |   0.0 |      32 |       0 |   0.0
            +---------+---------+-------+---------+---------+-------
        D:1 |      44 |       0 |   0.0 |      26 |       0 |   0.0
        D:2 |       9 |       0 |   0.0 |       6 |       0 |   0.0
            +---------+---------+-------+---------+---------+-------
